Map: Backwater LE

Players

CinDra - Winner!

  • Race: Zerg Zerg
  • League: Bronze
  • Spawn Location: 5:00

RedSlender

  • Race: Protoss Protoss
  • Spawn Location: 11:00

VOD

Have the link to the VOD?

Description

Time

  • Played on: Feb. 10, 2018, 5:39 p.m.
  • Length: 14:41
Show
View Real Time Build Order
Export as new Build Order

CinDra Zerg - Winner!

Build Orders: Hatch First 

Get SALT Encoding   

  12  0:02  Drone  
  13  0:13  Overlord  
  13  0:20  Drone  
  14  0:31  Drone x2  
  16  0:42  Drone  
  17  1:06  Hatchery  
  17  1:08  Drone x3  
  19  1:27  Spawning Pool  
  18  1:35  Drone x2  
  20  1:41  Drone  
  20  1:42  Extractor  
  20  1:51  Drone  
  21  2:02  Overlord  
  21  2:14  Zergling x2  
  22  2:20  Queen  
  22  2:22  Drone, Queen  
  25  2:24  Drone  
  28  2:31  Roach Warren  
  27  2:41  Drone x3  
  30  2:52  Zergling x4  
  30  2:55  Drone  
  30  2:58  Metabolic Boost  
  33  3:07  Drone x2, Extractor  
  35  3:12  Zergling x2  
  35  3:17  Overlord  
  35  3:25  Overlord  
  35  3:34  Queen  
  35  3:39  Drone  
  35  3:40  Drone x6  
  44  3:48  Roach  
  44  3:55  Lair  
  46  3:58  Drone x2  
  43  4:24  Drone x4  
  43  4:25  Drone x5  
  51  4:45  Overlord x3  
  51  4:50  Pneumatized Carapace  
  51  5:03  Queen  
  53  5:10  Drone  
  53  5:11  Drone x8  
  53  5:12  Hatchery  
  61  5:15  Extractor  
  61  5:19  Extractor  
  59  5:24  Glial Reconstitution  
  59  6:10  Roach x4  
  59  6:11  Roach x4  
  73  6:12  Overlord  
  75  6:30  Queen  
  75  6:31  Drone  
  75  6:32  Drone x5  
  83  6:52  Roach x3  
  83  6:53  Overlord x4  
  89  7:07  Evolution Chamber x2  
  87  7:10  Spire  
  86  7:31  Roach x10  
  106  7:41  Extractor  
  106  7:43  Extractor  
  104  7:59  Overseer  
  104  8:00  Overseer x4  
  104  8:14  Zergling x6  
  104  8:15  Zergling x6, Roach  
  104  8:16  Roach x4  
  120  8:31  Drone  
  121  8:47  Infestation Pit  
  121  8:48  Zerg Missile Weapons Level 1, Zerg Ground Armor Level 1  
  120  8:49  Zerg Flyer Weapons Level 1  
  120  8:54  Overlord x4  
  120  8:56  Zergling x2  
  121  9:19  Drone x2  
  121  9:20  Drone x4  
  121  9:21  Mutalisk x5, Drone x2  
  121  9:22  Mutalisk x5  
  149  9:24  Overlord  
  143  10:09  Roach x9, Overlord  
  143  10:10  Overlord x4  
  161  10:30  Hive  
  161  10:43  Zerg Flyer Armor Level 1, Mutalisk x9  
  175  11:21  Roach x9  
  193  11:46  Roach x3  
  199  11:50  Zerg Missile Weapons Level 2, Zerg Ground Armor Level 2  
  199  12:26  Zergling x2  
  198  13:06  Mutalisk  
Show
View Real Time Build Order
Export as new Build Order

RedSlender Protoss 

Build Orders:  

Get SALT Encoding   

  12  0:10  Probe  
  13  0:21  Assimilator  
  13  0:22  Probe  
  14  0:42  Pylon  
  14  1:19  Gateway  
  14  1:39  Gateway  
  14  1:43  Pylon  
  14  1:49  Pylon  
  14  1:52  Pylon  
  14  2:11  Zealot  
  16  2:26  Cybernetics Core  
  16  2:38  Zealot (Chrono Boost)  
  17  2:52  Forge  
  19  3:07  Stalker (Chrono Boost)  
  19  3:12  Assimilator  
  19  3:15  Probe  
  20  3:27  Probe  
  20  3:33  Stalker (Chrono Boost)  
  23  3:36  Photon Cannon  
  23  3:39  Probe  
  18  4:44  Robotics Facility  
  18  5:14  Nexus  
  18  5:22  Stalker  
  18  5:30  Stalker  
  23  5:36  Observer (Chrono Boost)  
  23  5:49  Stalker  
  25  6:00  Stalker  
  27  6:26  Probe  
  28  6:35  Assimilator  
  28  6:38  Probe  
  29  6:47  Pylon  
  29  6:49  Pylon  
  29  6:50  Probe  
  30  7:03  Probe  
  31  7:15  Probe  
  32  8:02  Stalker  
  32  8:03  Stalker  
  36  8:07  Immortal  
  39  8:26  Photon Cannon  
  39  8:27  Photon Cannon  
  39  8:29  Photon Cannon  
  39  8:32  Stalker  
  39  8:33  Stalker  
  43  8:46  Immortal  
  47  8:54  Warp Gate, Twilight Council  
  47  9:00  Probe  
  48  9:06  Assimilator  
  48  9:12  Probe  
  49  9:25  Probe  
  30  10:14  Stalker  
  30  10:16  Stalker  
  30  10:19  Immortal  
  38  10:48  Templar Archives  
  30  11:07  Pylon  
  11  11:38  Nexus  
  9  12:16  Nexus  
  9  12:37  Probe  
  10  12:49  Probe  
  11  12:58  Nexus  
  2  13:15  Nexus  
  2  13:40  Nexus  
Tags
 
League
Bronze
Matchup
PvZ
Spawn Locations
Cross Positions
Add a new tag
Caveats
  • Supply blocks, unpowered buildings, or Contaminate may cause inaccurate times.
  • Supply counts are checked every 10 seconds.